 Dungeon Sprint DCSS version 0.31-a0-986-g5e6e4ef867 (webtiles) character file.

Game seed: 14864980746644716905

6666 fingers the Warrior (level 11, 0/132 HPs)
             Began as an Ogre Fighter on Nov 9, 2023.
             Was a Follower of Ru.
             Slain by Kizoparr the pandemonium lord (24 damage)
             ... in the Dungeon (Sprint V: "Ziggurat Sprint").
             The game lasted 00:05:47 (429 turns).

fingers the Warrior (Ogre Fighter)                   Turns: 429, Time: 00:05:48

Health: 0/132      AC: 24    Str: 38    XL:     11   Next: 3%
Magic:  11/11      EV:  0    Int:  9    God:    Ru [*.....]
Gold:   0          SH: 29    Dex:  8    Spells: 10/10 levels left

rFire   + . .        C - +16 obsidian axe {drain, demonic, Mesm Drain Fly SInv}
rCold   + . .        B - +18 shield of the Gong {Loud rN+ Will+ rCorr EV-5}
rNeg    + . .        D - +5 gold dragon scales
rPois   +            (helmet restricted)
rElec   .            (no cloak)
rCorr   +            (gloves unavailable)
SInv    +            (boots unavailable)
Will    ++...        (no amulet) Stlth
                     z - +6 ring of strength
HPRegen 0.42/turn    A - +6 ring of strength
MPRegen 0.12/turn

%: no teleportation
@: mighty, spiked, flying, mesmerised
A: large, unfitting armour, tough skin 1, no stealth, no forms
a: Renounce Religion


You were in the Dungeon.
You worshipped Ru.
Ru was aware of your devotion.
You visited 1 branch

Inventory:

Hand Weapons
 a - a +0 war axe
 C - the +16 obsidian axe (weapon) {drain, demonic, Mesm Drain Fly SInv}
   (You found it in the Dungeon)

   Mesm:      Its wielder is mesmerised by any visible foes, and it cannot be
   unequipped while any foes are visible.
   SInv:      It lets you see invisible.
   Fly:       It grants you flight.
   Drain:     It drains your maximum health when unequipped.
Armour
 b - a +0 robe
 c - a +0 kite shield
 B - the +18 shield of the Gong (worn) {Loud rN+ Will+ rCorr EV-5}
   (You found it in the Dungeon)

   Loud:      It is deafeningly noisy when blocking attacks.
   EV-5:      It affects your evasion (-5).
   rN+:       It protects you from negative energy.
   Will+:     It increases your willpower.
   rCorr:     It protects you from acid and corrosion.
 D - +5 gold dragon scales (worn)
Jewellery
 u - a ring of flight
 v - a +6 ring of dexterity
 w - a +6 ring of dexterity
 x - a +6 ring of intelligence
 y - a +6 ring of intelligence
 z - a +6 ring of strength (left hand)
 A - a +6 ring of strength (right hand)
 F - a ring of resist corrosion
 H - a +5 ring of evasion
 J - the ring "Garoed" {rN+++ Will+ Int-2 Dex-3 Stlth+}
   (You found it in the Dungeon)

   [ring of willpower]

   Int-2:     It affects your intelligence (-2).
   Dex-3:     It affects your dexterity (-3).
   rN+++:     It renders you almost immune to negative energy.
   Will+:     It increases your willpower.
   Stlth+:    It makes you more stealthy.
Wands
 n - a wand of charming (4)
 s - a wand of mindburst (7)
 t - a wand of quicksilver (12)
 E - a wand of roots (7)
 I - a wand of flame (12)
Scrolls
 j - 4 scrolls of blinking
 o - 4 scrolls of amnesia
 p - 7 scrolls of fog
 q - 5 scrolls of identify
 r - 2 scrolls of fear
 G - a scroll of brand weapon
Potions
 d - 3 potions of might
 e - 10 potions of curing
 f - 5 potions of heal wounds
 g - 6 potions of haste
 h - 7 potions of magic
 i - 3 potions of berserk rage
 k - 2 potions of brilliance
 l - a potion of invisibility
 m - 2 potions of resistance


   Skills:
 + Level 15.0 Fighting
 + Level 14.7 Axes
 * Level 11.1 Armour
 - Level 3.7 Dodging
 + Level 13.1 Shields


You had 10 spell levels left.
You didn't know any spells.
Your spell library contained the following spells:

 Spells                   Type           Power      Damage    Failure   Level
 Static Discharge         Conj/Air       0%         3-3/arc   100%        2
 Dazzling Flash           Conj/Hex       0%         N/A       100%        3
 Volatile Blastmotes      Fire/Tloc      0%         2d10      100%        3
 Starburst                Conj/Fire      0%         6d3       100%        6
 Maxwell's Capacitive Co  Air            0%         ∞         100%        8
 Chain Lightning          Conj/Air       0%         N/A       100%        9
 Dragon's Call            Summ           0%         N/A       100%        9


Dungeon Overview and Level Annotations

Branches:
Dungeon (1/1)

Altars:
Ashenzari
Cheibriados
Dithmenos
Elyvilon
Fedhas
Gozag
Hepliaklqana
Kikubaaqudgha
Makhleb
Nemelex Xobeh
Okawaru
Qazlal
Ru
Sif Muna
Trog
Uskayaw
Vehumet
Wu Jian
Xom
Yredelemnul
Zin
The Shining One
Jiyva
Lugonu

Annotations:
D 1 transporter


Innate Abilities, Weirdness & Mutations

You are too large for most types of armour.
You have tough skin. (AC +1)
You cannot be stealthy.
You cannot voluntarily change form.


Message History

You kill the soul eater!
The soul eater disappears in a puff of smoke!
You slash Kizoparr!
Visions of slaying Kizoparr flood into your mind.
Your sixfirhy closely misses the red devil.
Your sixfirhy barely misses the red devil.
You block the red devil's attack.
GONNNNG!
You block the orange demon's attack.
BOUMMMMG!
Kizoparr stings you!
Your sixfirhy hits the red devil.
Your sixfirhy shocks the red devil!
You feel much better.
Your sixfirhy hits the red devil but does no damage.
Your sixfirhy barely misses the red devil.
Kizoparr stings you.
The red devil hits you from afar with a +0 trident!
Barbed spikes become lodged in your body.
You block the orange demon's attack.
SHROANNG!
Kizoparr blinks!
You feel very mighty all of a sudden. You block the orange demon's attack.
SHROANNG!
You block the red devil's attack.
PANG!
You block Kizoparr's attack.
PANG!
You miss Kizoparr.
Kizoparr is lightly wounded.
Kizoparr gestures at you.
The bolt of dispelling energy hits you!!!
Your magical effects are unravelling.
* * * LOW HITPOINT WARNING * * *
You block the red devil's attack.
PANG!
You block the orange demon's attack.
BONNNG!
Kizoparr stings you!!
You die...

▓▓▓▓▓▓▓▓▓▓▓▓▓▓▓▓▓▓▓
▓...8©8...▓..8©8..▓
▓..)=[/...▓..).)..▓
▓...[=:...▓...)...▓
▓.........▓.......▓
▓.........▓.......▓
▓..4..4...▓.......▓
▓..3......▓.......▓
▓.▓..@..▓.▓.▓...▓.▓
▓....&....▓...©...▓
▓▓▓▓▓▓▓▓▓▓▓▓▓▓▓▓▓▓▓
▓..8©8..▓ ▓...[)..▓
▓....)..▓ ▓.......▓
▓...†...▓ ▓..†....▓


You could see Kizoparr (mesmerising), an orange demon (summoned), a red devil
(summoned, ally target) and a friendly sixfirhy (summoned).

Vanquished Creatures
  2 dancing weapons (D)
  A sun demon (D)
  A deep elf archer (D)
  A harpy (shapeshifter) (D)
  3 ugly things (D)
  2 draconians (D)
  2 shining eyes (D)
  A polar bear (D)
  A tarantella (shapeshifter) (D)
  2 glass eyes (D)
  2 slime creatures (D)
  An ice beast (D)
  2 necrophages (D)
  2 jellies (D)
  A shadow imp (D)
  2 white imps (D)
  A bat zombie (D)
  An endoplasm (D)
  A ball python skeleton (D)
  A ball python zombie (D)
  A giant cockroach zombie (D)
31 creatures vanquished.

Vanquished Creatures (collateral kills)
  A jelly (D)
  2 iron imps (D)
  An ufetubus (D)
  A ball python simulacrum (D)
5 creatures vanquished.

Grand Total: 36 creatures vanquished

Notes
Turn   | Place    | Note
-------+----------+-------------------------------------------
     0 | D        | fingers the Ogre Fighter began the quest for the Orb.
     0 | D        | Reached XP level 1. HP: 24/24 MP: 1/1
     0 | D        | Found a shimmering blue altar of Sif Muna.
     0 | D        | Found a bloodstained altar of Trog.
     0 | D        | Found a sacrificial altar of Ru.
     0 | D        | Found a stormy altar of Qazlal.
     0 | D        | Found an iron altar of Okawaru.
     1 | D        | Found a sparkling altar of Nemelex Xobeh.
     1 | D        | Found a blossoming altar of Fedhas.
     1 | D        | Found the +6 Majin-Bo {spellvamp, MP+6 Int+6}
     1 | D        | Found the +27 heavy crossbow "Sniper" {heavy, Acc+∞ SInv}
     1 | D        | Found the +10 dark maul {heavy}
     1 | D        | Found the +15 Maxwell's patent armour {-Cast -Tele rElec
                  | Will+ rCorr}
     1 | D        | Found the +18 shield of the Gong {Loud rN+ Will+ rCorr
                  | EV-5}
     1 | D        | Found the +16 obsidian axe {drain, demonic, Mesm Drain Fly
                  | SInv}
     1 | D        | Found the +7 great mace "Firestarter" {flame, immolate,
                  | rFlCloud rF++}
     1 | D        | Found the +6 shillelagh "Devastator" {shatter}
     1 | D        | Found the +11 plutonium sword {Contam Stlth-}
     1 | D        | Found the +8 lance "Wyrmbane" {slay drac, rPois rF+ rC+
                  | AC+3}
     1 | D        | Found the +9 sword of Zonguldrok {reap}
     1 | D        | Found the +13 scythe of Curses {drain, curses, Drain}
     1 | D        | Found the +9 sword of Power {lifebolt}
     1 | D        | Found the +7 mace of Variability {chaos, chaos arc}
     1 | D        | Found the +11 Singing Sword {sonic wave}
     1 | D        | Found the +8 storm bow {elec, penet}
     3 | D        | Found a transporter.
     3 | D        | Found an ancient bone altar of Kikubaaqudgha.
     3 | D        | Found a viscous altar of Jiyva.
     3 | D        | Found a corrupted altar of Lugonu.
     3 | D        | Found a hazy altar of Hepliaklqana.
     3 | D        | Found a burning altar of Makhleb.
     3 | D        | Found an opulent altar of Gozag.
   118 | D        | Became a worshipper of Ru the Awakened
   134 | D        | Reached skill level 5 in Fighting
   134 | D        | Reached XP level 2. HP: 36/36 MP: 2/2
   135 | D        | Entered arena 2.
   135 | D        | Noticed a draconian
   135 | D        | Noticed a draconian
   135 | D        | Found a transporter.
   141 | D        | Killed a draconian
   142 | D        | Reached skill level 10 in Fighting
   142 | D        | Reached skill level 5 in Armour
   142 | D        | Reached XP level 3. HP: 49/53 MP: 3/3
   142 | D        | Reached XP level 4. HP: 57/61 MP: 4/4
   142 | D        | Reached XP level 5. HP: 64/68 MP: 5/5
   142 | D        | Reached XP level 6. HP: 73/78 MP: 6/6
   142 | D        | Killed a draconian
   143 | D        | Reached skill level 11 in Fighting
   143 | D        | Reached XP level 7. HP: 83/88 MP: 7/7
   163 | D        | Entered arena 3.
   163 | D        | Noticed a +0 glaive of protection
   163 | D        | Noticed a deep elf archer
   163 | D        | Noticed a +0 flail of protection
   163 | D        | Found a transporter.
   171 | D        | Killed a +0 flail of protection
   172 | D        | Reached skill level 12 in Fighting
   172 | D        | Reached XP level 8. HP: 64/98 MP: 8/8
   175 | D        | Killed a deep elf archer
   176 | D        | Reached skill level 10 in Axes
   176 | D        | Reached skill level 1 in Stealth
   176 | D        | Reached skill level 10 in Shields
   176 | D        | Reached XP level 9. HP: 63/109 MP: 9/9
   177 | D        | Killed a +0 glaive of protection
   178 | D        | Reached skill level 13 in Fighting
   302 | D        | Entered arena 4.
   302 | D        | Noticed a polar bear
   302 | D        | Found a transporter.
   307 | D        | Killed a polar bear
   315 | D        | Entered arena 5.
   315 | D        | Found a transporter.
   323 | D        | Gained mutation: You cannot be stealthy. [Ru sacrifice]
   331 | D        | Entered arena 6.
   331 | D        | Noticed a green ugly thing
   331 | D        | Noticed a tarantella
   331 | D        | Noticed a red ugly thing
   331 | D        | Noticed a purple ugly thing
   331 | D        | Found a transporter.
   333 | D        | Killed a tarantella
   335 | D        | Killed a red ugly thing
   336 | D        | Reached XP level 10. HP: 120/120 MP: 10/10
   337 | D        | a worm changed into a harpy
   337 | D        | Noticed a harpy (shapeshifter)
   338 | D        | Killed a harpy
   339 | D        | Reached skill level 10 in Armour
   339 | D        | Killed a green ugly thing
   340 | D        | Reached skill level 14 in Fighting
   341 | D        | Killed a green ugly thing
   348 | D        | Got the Omnibus of Allied Anemomancy
   355 | D        | Entered arena 7.
   355 | D        | Noticed a shining eye
   355 | D        | Noticed a shining eye
   356 | D        | Found a transporter.
   362 | D        | Killed a shining eye
   364 | D        | Killed a shining eye
   379 | D        | Entered arena 8.
   380 | D        | Found a transporter.
   390 | D        | Gained mutation: You cannot voluntarily change form. [Ru
                  | sacrifice]
   390 | D        | Reached * piety under Ru
   397 | D        | Got the ring "Garoed" {rN+++ Will+ Int-2 Dex-3 Stlth+}
   403 | D        | Entered arena 9.
   403 | D        | Noticed a sun demon
   403 | D        | Noticed Kizoparr the pandemonium lord
   404 | D        | Noticed a soul eater
   404 | D        | Found a transporter.
   404 | D        | Noticed an orange demon
   414 | D        | Killed a sun demon
   415 | D        | Reached skill level 15 in Fighting
   415 | D        | Reached XP level 11. HP: 42/132 MP: 11/11
   429 | D        | Slain by Kizoparr the pandemonium lord

Illustrated notes

Levels and vault maps discovered:
D:        sprint_v [room_start, room_1, room_2, room_3, room_4, room_5, room_6,
          room_7, room_8, room_9, room_10, room_11, room_12, room_13, room_14,
          room_15, room_16, room_17, room_18, room_19, room_20, room_21,
          room_22, room_23, room_24, room_25, room_26, room_27]

Skill      XL: |  1  2  3  4  5  6  7  8  9 10 |
---------------+-------------------------------+-----
Fighting       | 5 10 11 12 13 15 | 15.0
Axes           | 3 7 8 9 10 12 14 | 14.7
Armour         | 3 5 6 7 8 9 11 | 11.1
Dodging        | 3 |  3.7
Shields        | 4 7 8 9 10 11 13 | 13.1
Stealth        | 1 0 |  0.0

Action                     |  1- 3 |  4- 6 |  7- 9 | 10-12 || total
---------------------------+-------+-------+-------+-------++-------
  Melee: Broad axe         |     5 |     1 |    20 |    32 ||    58
 Invoke: Sacrifice Stealth |       |       |     1 |       ||     1
         Sacrifice Forms   |       |       |       |     1 ||     1
    Use: Potion            |     2 |       |     3 |    11 ||    16
   Stab: Distracted        |       |       |     1 |       ||     1
 Armour: Gold dragon scale |     1 |       |    16 |    26 ||    43
  Block: Kite shield       |    13 |       |    32 |    62 ||   107

Table legend: (Time is in decaauts)
 A = Elapsed time spent in this place.
 B = Non-inter-level travel time spent in this place.
 C = Inter-level travel time spent in this place.
 D = Time resting spent in this place.
 E = Time spent auto-exploring this place.
 F = Levels seen in this place.
 G = Mean time per level.
                   A        B        C        D        E       F      G
               +--------+--------+--------+--------+--------+-----+--------+
         Total |    431 |    431 |      0 |      0 |    136 |   1 |  431.0 |
       Dungeon |    431 |    431 |      0 |      0 |    136 |   1 |  431.0 |
               +--------+--------+--------+--------+--------+-----+--------+

Top non-repeatable levels by time:
       D: 431 daAuts
